 Dungeon Crawl Stone Soup version 0.28-a0-1518-gbe868bca14 (webtiles) character file.

Game seed: 59836037138482702

9 cyrus the Fighter (level 2, -2/33 HPs)
             Began as a Gnoll Wanderer on Jan 16, 2022.
             Slain by a jackal (3 damage)
             ... on level 1 of the Dungeon.
             The game lasted 00:02:38 (138 turns).

cyrus the Fighter (Gnoll Wanderer)                   Turns: 138, Time: 00:02:39

Health: -2/33      AC:  3    Str: 11    XL:     2   Next: 16%
Magic:  5/5        EV: 11    Int: 10    God:
Gold:   0          SH:  0    Dex: 12    Spells: 5/6 levels left

rFire   . . .      SeeInvis .   a - +0 dagger
rCold   . . .      Faith    .   (no shield)
rNeg    . . .      Spirit   .   b - +0 leather armour
rPois   .          Reflect  .   (no helmet)
rElec   .          Harm     .   (no cloak)
rCorr   .          Rampage  .   (no gloves)
Will    .....                   (no boots)
Stlth   ++........              (no amulet)
HPRegen 0.11/turn               (no ring)
MPRegen 0.09/turn               (no ring)

@: no status effects
A: fangs 1, strong nose, distributed training
a: no special abilities


You were on level 1 of the Dungeon.
You visited 1 branch of the dungeon, and saw 1 of its levels.

Inventory:

Hand Weapons
 a - a +0 dagger (weapon)
 d - a +0 club
 e - a +0 trident
Armour
 b - a +0 leather armour (worn)
Potions
 c - 2 potions of lignification


   Skills:
 + Level 8.4 Fighting
 + Level 0.3 Short Blades
 + Level 0.3 Long Blades
 + Level 0.3 Axes
 + Level 0.3 Maces & Flails
 + Level 0.3 Polearms
 + Level 0.3 Staves
 + Level 0.3 Slings
 + Level 0.3 Bows
 + Level 0.3 Crossbows
 + Level 0.3 Throwing
 + Level 0.3 Armour
 + Level 0.3 Dodging
 + Level 2.2 Stealth
 + Level 0.3 Shields
 + Level 4.4 Unarmed Combat
 + Level 2.7 Spellcasting
 + Level 0.2 Conjurations
 + Level 3.7 Hexes
 + Level 0.2 Summonings
 + Level 0.2 Necromancy
 + Level 0.2 Translocations
 + Level 0.2 Transmutations
 + Level 0.2 Fire Magic
 + Level 0.2 Ice Magic
 + Level 0.2 Air Magic
 + Level 0.2 Earth Magic
 + Level 0.2 Poison Magic
 + Level 0.4 Invocations
 + Level 0.3 Evocations


You had 5 spell levels left.
You knew the following spells:

 Your Spells              Type           Power      Damage    Failure   Level
a - Slow                  Hex            32%        N/A       9%          1

Your spell library contained the following spells:

 Spells                   Type           Power      Damage    Failure   Level
 Dazzling Flash           Conj/Hex       10%        N/A       45%         3
 Leda's Liquefaction      Hex/Erth       2%         N/A       86%         4


Dungeon Overview and Level Annotations

Branches:
Dungeon (1/15)

Altars:


Innate Abilities, Weirdness & Mutations

You have very sharp teeth.
Your uncanny sense of smell can sniff out nearby items.
Your experience applies equally to all skills.


Message History

The jackal bites you.
The jackal bites you but does no damage. x3
The jackal barely misses you.
You closely miss the jackal.
The jackal is heavily wounded.
The jackal bites you. The jackal closely misses you.
The jackal barely misses you.
You hit the jackal but do no damage.
The jackal is heavily wounded.
The jackal bites you but does no damage.
The jackal closely misses you. The jackal bites you. x2
* * * LOW HITPOINT WARNING * * *
The jackal misses you. The jackal closely misses you.
You hit the jackal.
You kill the jackal!
The jackal bites you.
* * * LOW HITPOINT WARNING * * *
The jackal misses you.
The jackal bites you but does no damage.
The jackal bites you but does no damage.
You barely miss the jackal. Your bite misses the jackal.
The jackal is lightly wounded.
The jackal bites you.
* * * LOW HITPOINT WARNING * * *
You barely miss the jackal.
The jackal is lightly wounded.
The jackal bites you but does no damage.
The jackal closely misses you. The jackal bites you.
* * * LOW HITPOINT WARNING * * *
You closely miss the jackal.
The jackal is lightly wounded.
The jackal closely misses you. The jackal barely misses you.
The jackal bites you but does no damage.
The jackal bites you.
* * * LOW HITPOINT WARNING * * *
The jackal closely misses you. The jackal barely misses you.
The jackal bites you.
* * * LOW HITPOINT WARNING * * *
The jackal bites you.
You die...

####
#>########...###
#.>..†.......(.. #.#
...... #.# ....#
#####.####...#
#.........#.#
#......hh.#.###.#
#..#####@........
#..#"()#....###.# #.
#..#?[)#....# . .#.
#..#![[#†...# .
..###..#####)...#
#.#.#............##
#.#.#.#..........#
..#.....#.###.###.##
..........# #.# #.#


You could see 2 jackals.

Vanquished Creatures
  A dart slug (D:1)
  An endoplasm (D:1)
  A hobgoblin (D:1)
  A jackal (D:1)
  2 goblins (D:1)
  A rat (D:1)
7 creatures vanquished.

Notes
Turn   | Place    | Note
-------+----------+-------------------------------------------
     0 | D:1      | cyrus the Gnoll Wanderer began the quest for the Orb.
     0 | D:1      | cyrus set off with the following items: a +0 dagger, a +0
                  | leather armour, 2 potions of lignification; and the
                  | following spell memorised: Slow; and the following spells
                  | available to memorise: Dazzling Flash, Leda's Liquefaction
     0 | D:1      | Reached XP level 1. HP: 26/26 MP: 4/4
    94 | D:1      | Reached XP level 2. HP: 20/33 MP: 5/5
   137 | D:1      | HP: 1/33 [jackal (1)]
   138 | D:1      | Slain by a jackal

Illustrated notes

Levels and vault maps discovered:
D:1:      sevenhm_arrival_forest_fort_small_3, layout_loops_ring,
          hellmonk_ecumenical_altar_watching_god, due_unseen_surprise

Action                   || total
-------------------------++-------
Melee: Dagger            ||    50
       Bite              ||     7
       Punch             ||     1
Armor: Leather armour    ||    20
Dodge: Dodged            ||    52

Table legend: (Time is in decaauts)
 A = Elapsed time spent in this place.
 B = Non-inter-level travel time spent in this place.
 C = Inter-level travel time spent in this place.
 D = Time resting spent in this place.
 E = Time spent auto-exploring this place.
 F = Levels seen in this place.
 G = Mean time per level.
                   A        B        C        D        E       F      G
               +--------+--------+--------+--------+--------+-----+--------+
         Total |    137 |    137 |      0 |      0 |      0 |   1 |  137.0 |
       Dungeon |    137 |    137 |      0 |      0 |      0 |   1 |  137.0 |
               +--------+--------+--------+--------+--------+-----+--------+

Top non-repeatable levels by time:
     D:1: 137 daAuts
